 Dungeon Crawl Stone Soup version 0.25-a0-876-gadf69d5 (webtiles) character file.

Game seed: 4663857688711407891, levelgen mode: deterministic

19733 robertstho the Grappler (level 12, 0/114 HPs)
             Began as a Troll Fighter on May 1, 2020.
             Was a High Priest of Makhleb.
             Slain by an 11-headed hydra (8 damage)
             ... on level 2 of the Lair of Beasts.
             The game lasted 00:16:54 (9197 turns).

robertstho the Grappler (Troll Fighter)             Turns: 9197, Time: 00:16:56

Health: 0/114      AC: 10    Str: 28    XL:     12   Next: 39%
Magic:  15/15      EV: 12    Int:  6    God:    Makhleb [*****.]
Gold:   752        SH: 14    Dex: 10    Spells: 11/11 levels left

rFire    . . .     SeeInvis +     - Unarmed
rCold    . . .     Gourm    +   b - +0 kite shield
rNeg     . . .     Faith    .   L - +0 acid dragon scales
rPois    +         Spirit   .   (helmet restricted)
rElec    .         Reflect  +   C - scarf {cloud immunity}
rCorr    +         Harm     .   (gloves unavailable)
MR       .....                  (boots unavailable)
Stlth    +.........             j - +3 amulet of reflection
HPRegen  0.69/turn              s - ring of poison resistance
MPRegen  0.14/turn              k - ring of see invisible

@: about to teleport, studying Throwing
A: large, unfitting armour, claws 3, fast metabolism 3, gourmand, regeneration
1, shaggy fur 1, tough skin 3
a: Minor Destruction, Lesser Servant of Makhleb, Major Destruction, Greater
Servant of Makhleb, Renounce Religion


You were on level 2 of the Lair of Beasts.
You worshipped Makhleb.
Makhleb was extremely pleased with you.
You were completely stuffed.

You visited 2 branches of the dungeon, and saw 13 of its levels.

You collected 752 gold pieces.

Inventory:

Hand Weapons
 N - a +0 scimitar of flaming
Missiles
 I - 4 large rocks (quivered)
Armour
 b - a +0 kite shield (worn)
 C - a scarf of cloud immunity (worn)
 L - +0 acid dragon scales (worn)
 M - a +2 robe of magic resistance
Jewellery
 h - an uncursed ring of protection from magic
 j - a +3 amulet of reflection (around neck)
 k - a ring of see invisible (right claw)
 q - an uncursed amulet of guardian spirit {unknown}
 s - a ring of poison resistance (left claw)
 u - an uncursed amulet of guardian spirit {unknown}
 v - an uncursed ring of protection from magic
 A - a +2 ring of protection {unknown}
 F - an uncursed ring of resist corrosion {unknown}
Wands
 y - a wand of enslavement (9)
 D - a wand of paralysis (7)
Scrolls
 f - 5 scrolls of fear {unknown}
 g - 10 scrolls of remove curse
 l - 2 scrolls of magic mapping {unknown}
 n - 3 scrolls of enchant armour {unknown}
 o - 3 scrolls of blinking {unknown}
 p - 3 scrolls of fog {unknown}
 r - a scroll of noise {unknown}
 w - 3 scrolls of amnesia {unknown}
 x - a scroll of enchant weapon {unknown}
 B - 3 scrolls of identify {unknown}
 E - 6 scrolls of teleportation
 G - a scroll of torment {unknown}
Potions
 a - a potion of brilliance {unknown}
 e - 2 potions of flight
 i - 2 potions of haste
 m - a potion of degeneration
 t - 3 potions of heal wounds
 z - 2 potions of stabbing
 K - a potion of lignification {unknown}
 O - a potion of curing
Books
 c - a manual of Throwing
Miscellaneous
 H - a lightning rod (4/4)
Comestibles
 d - 25 rations
 J - 7 chunks of flesh


   Skills:
 * Level 6.1 Fighting
 + Level 0.8 Armour
 * Level 7.6 Dodging
 * Level 8.7 Shields
 * Level 13.0 Unarmed Combat
 * Level 6.0 Invocations


You had 11 spell levels left.
You didn't know any spells.
Your spell library contained the following spells:

 Spells                   Type           Power        Failure   Level  Hunger
 Freeze                   Ice            #...         54%         1    ##.....
 Sting                    Tmut/Pois      #...         54%         1    ##.....
 Poisonous Vapours        Pois/Air       #.....       67%         2    ###....
 Frozen Ramparts          Ice            #.....       88%         3    ####...
 Ignite Poison            Fire/Tmut/Pois #.......     88%         3    ####...
 Mephitic Cloud           Conj/Pois/Air  #.......     88%         3    ####...
 Ozocubu's Armour         Chrm/Ice       #.......     88%         3    ####...
 Hailstorm                Conj/Ice       #.......     99%         4    #####..
 Olgreb's Toxic Radiance  Pois           #.......     99%         4    #####..
 Summon Ice Beast         Ice/Summ       #.......     99%         4    #####..


Dungeon Overview and Level Annotations

Branches:
Dungeon (13/15)            Temple (0/1) D:7            Lair (2/6) D:11
    Orc (0/2) D:12
  Swamp: Lair:2-4    Shoals: Lair:2-4     Snake: Lair:2-4    Spider: Lair:2-4
 Vaults: D:13-14

Altars:
Dithmenos
Elyvilon
Fedhas
Kikubaaqudgha
Makhleb
Nemelex Xobeh
Qazlal
Wu Jian
Zin

Shops:
D:8 [

Annotations:
Lair:1 3 runed translucent doors Ice Cave, popps's ghost, novice GrFi


Innate Abilities, Weirdness & Mutations

You are too large for most types of armour.
You have claws for hands.
Your metabolism is lightning-fast.
You like to eat raw meat.
Your natural rate of healing is unusually fast.
You are covered in fur. (AC +1)
You have extremely tough skin. (AC +3)


Message History

You claw one of the ten-headed hydra's heads off!
The nine-headed hydra grows two more!
You claw the 11-headed hydra!
The 11-headed hydra is moderately wounded.
The bullfrog barely misses you. The 11-headed hydra bites you.
You block the 11-headed hydra's attack. The 11-headed hydra bites you!
You block the 11-headed hydra's attack. The 11-headed hydra bites you!
* * * LOW HITPOINT WARNING * * *
The 11-headed hydra barely misses you.
The 11-headed hydra bites you but does no damage.
The 11-headed hydra bites you!
* * * LOW HITPOINT WARNING * * *
The 11-headed hydra bites you but does no damage. x2
You block the 11-headed hydra's attack.
As you read the scroll of teleportation, it crumbles to dust.
You feel strangely unstable.
The bullfrog hits you but does no damage.
The 11-headed hydra bites you!
* * * LOW HITPOINT WARNING * * *
You block the 11-headed hydra's attack. The 11-headed hydra bites you!
You die...

....................
......................
......................).
........................
..........................
..........P#.#.#.P##.....
#.#..P#...##.###.##.....#
####.P#...##............#
......÷...#.....@.#.....## .
#.....#...##....FD##.....##..
#...÷.....#........#........
..........##......#.....P#
#.....##..........#.....## #
.......#..###.#.###.....# ## ..#
....####.......##.#P....##.#....
#.#. ........................
.... .......................


You could see a 11-headed hydra and a bullfrog.

Vanquished Creatures
  3 two-headed ogres
  Erica (Lair:1)
  A death yak (D:11)
  2 skeletal warriors (D:13)
  2 unseen horrors
  A cyclops (D:11)
  Joseph (Lair:1)
  A spiny frog (Lair:2)
  A gargoyle (D:10)
  A troll (D:9)
  3 hornets
  4 hippogriffs
  25 yaks
  A steam dragon (D:10)
  A hungry ghost (D:12)
  A soldier ant (D:10)
  2 water moccasins (Lair:1)
  An acid dragon (D:12)
  A sky beast (D:3)
  2 orc warriors
  2 ice beasts
  A necrophage (D:8)
  5 ogres
  8 centaurs
  6 crocodiles
  5 bullfrogs
  2 big kobolds
  A gnoll sergeant (D:8)
  2 scorpions
  24 killer bees
  5 wights (D:9)
  2 howler monkeys (D:8)
  2 crimson imps
  4 hounds
  A bullfrog skeleton (D:8)
  5 orc priests
  4 jellies
  14 orc wizards
  2 centaur skeletons
  7 iguanas
  8 worker ants
  2 hound zombies (D:7)
  2 hound skeletons
  A worker ant zombie (D:8)
  12 gnolls
  A river rat (D:11)
  10 adders
  4 shadow imps
  An adder zombie (D:9)
  3 worms
  A dart slug (D:3)
  5 leopard geckos
  45 orcs
  6 bats (D:3)
  2 bat zombies (D:3)
  3 giant cockroaches
  3 hobgoblins
  11 jackals
  4 quokkas
  A ball python (D:1)
  5 frilled lizards
  8 goblins
  A jackal skeleton (D:7)
  6 kobolds
  A leopard gecko skeleton (D:8)
  6 rats
  2 rat zombies (D:3)
  A toadstool (D:3)
312 creatures vanquished.

Vanquished Creatures (collateral kills)
  2 death yaks (D:11)
  A merfolk (D:9)
  2 porcupines (D:11)
  An orc warrior (D:12)
  An orc wizard (D:11)
  3 hell rats (D:11)
  A hound zombie (D:11)
  A river rat (D:11)
  5 orcs
17 creatures vanquished.

Vanquished Creatures (others)
  A centaur (D:9)
  A kobold (D:7)
  4 toadstools (D:3)
6 creatures vanquished.

Grand Total: 335 creatures vanquished

Notes
Turn   | Place    | Note
-------+----------+-------------------------------------------
     0 | D:1      | robertstho the Troll Fighter began the quest for the Orb.
     0 | D:1      | Reached XP level 1. HP: 22/22 MP: 0/0
   106 | D:1      | Reached XP level 2. HP: 27/29 MP: 1/1
   564 | D:2      | Found a burning altar of Makhleb.
   566 | D:2      | Noticed an Executioner
   568 | D:2      | Found a glowing silver altar of Zin.
   568 | D:2      | Noticed an angel
   667 | D:2      | Became a worshipper of Makhleb the Destroyer
   979 | D:2      | Reached XP level 3. HP: 23/36 MP: 2/2
  1036 | D:2      | Reached XP level 4. HP: 5/44 MP: 3/3
  1205 | D:2      | Found an ornate altar of the Wu Jian Council.
  1530 | D:3      | Reached skill level 3 in Unarmed Combat
  1566 | D:3      | Reached * piety under Makhleb
  1673 | D:3      | Found a white marble altar of Elyvilon.
  1678 | D:3      | Reached XP level 5. HP: 34/52 MP: 4/4
  1681 | D:3      | Reached skill level 1 in Invocations
  1700 | D:3      | Noticed a sky beast
  1785 | D:3      | Reached XP level 6. HP: 47/61 MP: 5/5
  1786 | D:3      | Reached skill level 4 in Unarmed Combat
  1871 | D:3      | Killed a sky beast
  2166 | D:3      | Reached ** piety under Makhleb
  2484 | D:3      | Found an ancient bone altar of Kikubaaqudgha.
  2667 | D:4      | Reached XP level 7. HP: 62/67 MP: 7/7
  2731 | D:4      | Reached skill level 5 in Unarmed Combat
  2934 | D:4      | You fall into a shaft and drop 3 floors!
  3028 | D:7      | Found a shadowy altar of Dithmenos.
  3122 | D:7      | Reached XP level 8. HP: 42/75 MP: 8/8
  3262 | D:7      | Found a staircase to the Ecumenical Temple.
  3445 | D:8      | Reached skill level 6 in Unarmed Combat
  3610 | D:7      | Reached skill level 5 in Shields
  3752 | D:8      | Reached *** piety under Makhleb
  3805 | D:8      | Noticed a hornet
  3808 | D:8      | Killed a hornet
  3870 | D:8      | Reached skill level 7 in Unarmed Combat
  3912 | D:8      | Reached XP level 9. HP: 72/84 MP: 10/10
  3958 | D:8      | Reached skill level 5 in Dodging
  4080 | D:8      | Found Wyupaul's Antique Armour Emporium.
  4667 | D:9      | Reached skill level 8 in Unarmed Combat
  4845 | D:9      | Found a sparkling altar of Nemelex Xobeh.
  4849 | D:9      | Noticed a two-headed ogre
  4855 | D:9      | Killed a two-headed ogre
  4855 | D:9      | Reached skill level 9 in Unarmed Combat
  4855 | D:9      | Reached XP level 10. HP: 68/94 MP: 10/12
  4883 | D:9      | Paralysed by a hornet for 3 turns
  5242 | D:9      | Reached **** piety under Makhleb
  5441 | D:9      | Found a blossoming altar of Fedhas.
  5520 | D:9      | HP: 2/94 [troll (14)]
  5814 | D:9      | Reached skill level 10 in Unarmed Combat
  5981 | D:10     | Entered Level 10 of the Dungeon
  6029 | D:10     | Noticed a two-headed ogre
  6037 | D:10     | Killed a two-headed ogre
  6037 | D:10     | Reached skill level 5 in Fighting
  6504 | D:10     | Reached XP level 11. HP: 80/102 MP: 13/13
  6556 | D:10     | Found a stormy altar of Qazlal.
  6888 | D:11     | Found a staircase to the Lair.
  6888 | D:11     | Noticed a death yak
  6920 | D:11     | Noticed a death yak
  6924 | D:11     | Killed a death yak
  6926 | D:11     | Noticed a death yak
  6930 | D:11     | Killed a death yak
  6930 | D:11     | Reached skill level 11 in Unarmed Combat
  6938 | D:11     | Killed a death yak
  6938 | D:11     | Reached skill level 5 in Invocations
  7285 | D:11     | Noticed a two-headed ogre
  7295 | D:11     | Killed a two-headed ogre
  7388 | D:11     | Noticed an unseen horror
  7396 | D:11     | Killed an unseen horror
  7698 | D:12     | Reached skill level 12 in Unarmed Combat
  7725 | D:12     | Found a burning altar of Makhleb.
  7974 | D:12     | Reached ***** piety under Makhleb
  8067 | D:12     | Found a staircase to the Orcish Mines.
  8080 | D:12     | Noticed an unseen horror
  8085 | D:12     | Killed an unseen horror
  8085 | D:12     | Reached XP level 12. HP: 102/113 MP: 15/15
  8405 | Lair:1   | Entered Level 1 of the Lair of Beasts
  8483 | Lair:1   | Found a runed translucent gate.
  8484 | Lair:1   | Found a runed translucent gate.
  8486 | Lair:1   | Found a runed translucent gate.
  8557 | Lair:1   | Noticed Erica
  8564 | Lair:1   | Killed Erica
  8588 | Lair:1   | Noticed Joseph
  8602 | Lair:1   | Killed Joseph
  8688 | Lair:1   | Found a gate leading to a gauntlet.
  8725 | Lair:1   | Found a sparkling altar of Nemelex Xobeh.
  9022 | Lair:1   | Noticed popps's ghost (novice GrFi)
  9142 | Lair:2   | Reached skill level 13 in Unarmed Combat
  9168 | Lair:2   | Noticed a four-headed hydra
  9197 | Lair:2   | Slain by an 11-headed hydra

Levels and vault maps discovered:
D:1:      dpeg_arrival_shrine, layout_rooms, minivault_19
D:2:      cheibrodos_pilgrimage, layout_basic,
          grunt_temple_overflow_order_and_chaos_2, marbit_many_paths,
          minmay_tetromino_t2
D:3:      layout_loops_corners, elyvilon_altar_3,
          lemuel_zombie_altar_kikubaaqudgha, first_ration,
          minmay_gold_behind_fungi
D:4:      layout_basic, gammafunk_temple_overflow_wave, uniq_grinder
D:7:      layout_basic, nicolae_overflow_hidden_temple,
          minmay_temple_entry_statues_fountains
D:8:      layout_basic, serial_shops, nicolae_shop_overgrown_old_shop,
          amethyst_killhole
D:9:      layout_stronghold, kennysheep_little_box, serial_co_window_serial,
          co_window_corner_a, co_window_paths_b, co_window_paths_a,
          co_window_of_opportunity_a, co_window_paths_a, co_window_corner_b,
          co_window_cross_4, co_window_cross_3, co_window_broadway_a,
          co_window_corner_b, co_window_broadway_a, glass_columns_a,
          glass_columns_a, glass_columns_b, glass_columns_a, glass_columns_b,
          hangedman_fish_farm, fedhas_altar_4
D:10:     layout_roguey, nicolae_benzene_ring, dk_vineyard_2,
          grunt_qazlal_sundering
D:11:     layout_gridville, dpeg_lair_monsters
D:12:     layout_roguey, hiddenorc1_lemuel, basic_altar
D:13:     layout_rooms, uniq_urug
Lair:1:   layout_regular_city, gammafunk_ghost_icy, gauntlet_entry_generic,
          basic_altar, uniq_joseph, uniq_erica
Lair:2:   layout_regular_city, minmay_lair_oklob_chamber

Skill      XL: |  1  2  3  4  5  6  7  8  9 10 11 12 |
---------------+-------------------------------------+-----
Shields        | 3 4 5 6 7 8 |  8.7
Dodging        | 3 4 5 6 7 |  7.6
Unarmed Combat | 3 4 5 7 9 10 12 13 | 13.0
Invocations    | 1 2 3 4 5 6 |  6.0
Fighting       | 3 4 5 6 |  6.1
Armour         | |  0.8

Action                   |  1- 3 |  4- 6 |  7- 9 | 10-12 || total
-------------------------+-------+-------+-------+-------++-------
Melee: Unarmed           |    83 |   182 |   347 |   584 ||  1196
Invok: Lesser Servant of |       |       |       |     7 ||     7
Evoke: Wand              |       |       |       |     1 ||     1
  Use: Potion            |       |     5 |     1 |     4 ||    10
       Scroll            |       |     2 |       |     1 ||     3
 Stab: Sleeping          |       |       |     1 |       ||     1
  Eat: Chunk             |    15 |    15 |    21 |    48 ||    99
Armor: Robe              |    27 |    38 |    51 |    67 ||   183
       Acid dragon scale |       |       |       |    32 ||    32
Dodge: Dodged            |    27 |    43 |   117 |   215 ||   402
Block: Kite shield       |    45 |   120 |   232 |   388 ||   785
       Reflection        |     1 |     2 |     9 |    12 ||    24

Table legend:
 A = Non-vault XP
 B = Vault XP
 C = Vault XP percentage of total XP
 D = Non-vault monster count
 E = Vault monster count
 F = Vault count percentage of total count
                 A         B        C        D         E       F
            +---------+---------+-------+---------+---------+-------
      Total |   23957 |    4234 |  15.0 |     286 |      43 |  13.1
            +---------+---------+-------+---------+---------+-------
        D:1 |      26 |       0 |   0.0 |      15 |       0 |   0.0
        D:2 |      39 |      60 |  60.6 |      13 |       8 |  38.1
        D:3 |     590 |       6 |   1.0 |      47 |       4 |   7.8
        D:4 |     485 |       0 |   0.0 |      15 |       0 |   0.0
        D:7 |     351 |       0 |   0.0 |      11 |       0 |   0.0
        D:8 |    1913 |       0 |   0.0 |      41 |       0 |   0.0
        D:9 |    4460 |     279 |   5.9 |      35 |       1 |   2.8
       D:10 |    3272 |       0 |   0.0 |      36 |       0 |   0.0
       D:11 |    3526 |    2428 |  40.8 |      27 |      11 |  28.9
       D:12 |    4395 |     109 |   2.4 |      26 |      17 |  39.5
       D:13 |    1565 |       0 |   0.0 |       2 |       0 |   0.0
     Lair:1 |    1216 |    1352 |  52.6 |       8 |       2 |  20.0
     Lair:2 |    2119 |       0 |   0.0 |      10 |       0 |   0.0
            +---------+---------+-------+---------+---------+-------
